 Dungeon Crawl Stone Soup version 0.18-a0-1186-gd02dc51 (webtiles) character file.

1950 4thArraOfDagon the Cleaver (level 8, -1/109 HPs)
             Began as a White Draconian Berserker on Jan 28, 2016.
             Was a Priest of Trog.
             Slain by a killer bee (5 damage)
             ... on level 9 of the Dungeon.
             The game lasted 00:09:10 (1675 turns).

4thArraOfDagon the Cleaver (DrBe)                   Turns: 1675, Time: 00:09:10

Health: -1/109     AC:  8    Str: 26    XL:     8   Next: 99%
Magic:  9/9        EV: 20    Int:  9    God:    Trog [***...]
Gold:   188        SH:  0    Dex: 15    Spells: 0 memorised, 7 levels left

rFire  . . .     SeeInvis .     a - +0 hand axe
rCold  + . .     Gourm    .     (armour unavailable)
rNeg   . . .     Faith    .     (no shield)
rPois  .         Spirit   .     (helmet restricted)
rElec  .         Dismiss  .     f - +0 cloak
rCorr  .         Reflect  .     q - +0 pair of gloves
SustAt .         Harm     .     (no boots)
MR     ++...                    (no amulet)
Stlth  ..........               (no ring)
                                (no ring)

@: agile, berserking (expiring), lethally poisoned (-1 -> -5), regenerating,
slowed, very resistant to hostile enchantments, extremely unstealthy
A: breathe frost, unfitting armour, cold resistance 1, cold-blooded, AC +6
a: Breathe Frost, Berserk, Trog's Hand, Burn Spellbooks, Renounce Religion


You were on level 9 of the Dungeon.
You worshipped Trog.
Trog was most pleased with you.
You were hungry.

You visited 2 branches of the dungeon, and saw 10 of its levels.

You collected 188 gold pieces.

Inventory:

Hand Weapons
 a - a +0 hand axe (weapon)
Missiles
 j - 4 exploding tomahawks (quivered)
 z - 4 needles of sleeping
Armour
 f - a +0 cloak (worn)
 q - a +0 pair of gloves (worn)
Jewellery
 g - an uncursed ring of fire
Wands
 k - a wand of magic darts (41/48)
 p - a wand of draining (10/15)
 s - a wand of teleportation (5/9)
 v - a wand of polymorph (0/24)
 y - a wand of enslavement (19/24)
Scrolls
 c - a scroll of fear {unknown}
 d - 2 scrolls of recharging {unknown}
 e - a scroll of immolation {unknown}
 m - 4 scrolls of remove curse {unknown}
 n - a scroll of enchant armour {unknown}
 r - 2 scrolls of random uselessness {unknown}
 u - 2 scrolls of noise {unknown}
 A - a scroll of fog {unknown}
Potions
 h - a potion of might {unknown}
 i - a potion of brilliance {unknown}
 l - 3 potions of heal wounds {unknown}
 o - a potion of cancellation
 t - 3 potions of curing
Books
 B - a book of Ice

   Spells                             Type                      Level
   a - Ice Form                       Ice/Transmutation            4
   b - Metabolic Englaciation         Hexes/Ice                    5
   c - Ozocubu's Refrigeration        Ice                          6
   d - Bolt of Cold                   Conjuration/Ice              6
   e - Freezing Cloud                 Conjuration/Ice/Air          6
   f - Simulacrum                     Ice/Necromancy               6
   Trog disapproves of the use of such an item.
Comestibles
 b - 2 bread rations
 x - 7 chunks of flesh
 C - 3 fruits
 D - a meat ration


   Skills:
 + Level 7.1 Fighting
 * Level 8.5 Axes
 + Level 6.0 Dodging
 + Level 2.2 Evocations


You had 7 spell levels left.
You didn't know any spells.

Dungeon Overview and Level Annotations

Branches:
Dungeon (9/15)             Temple (1/1) D:4
   Lair: D:8-11         Orc: D:9-12

Altars:
Ashenzari
Makhleb
The Shining One

Shops:
D:5 }}   D:8 %

Annotations:
D:8 asdu's ghost, novice GrMo
D:9 Joseph


Innate Abilities, Weirdness & Mutations

You can breathe waves of freezing cold.
You can buffet flying creatures when you breathe cold.
Your icy white scales are hard (AC +6).
Your body does not fit into most forms of armour.
Your flesh is cold resistant.
You are cold-blooded and may be slowed by cold attacks.


Message History

Trog accepts your kill.
You feel very sick. The killer bee barely misses you. The hound bites you.
* * * LOW HITPOINT WARNING * * *
The killer bee stings you but does no damage.
The wraith barely misses you.
Joseph hits you with an uncursed quarterstaff!
* * * LOW HITPOINT WARNING * * *
The hound closely misses you.
You slash Joseph!
Joseph is severely wounded.
You hit the wraith.
The wraith is almost destroyed.
You hit the killer bee.
The killer bee is severely wounded.
You closely miss the hound.
The hound is heavily wounded.
* * * LOW HITPOINT WARNING * * *
You feel sick. The killer bee stings you.
You die...

#.....#
#.....#
#.....#
#.....#
##..o..#
......#
#@)h.#
#.@..#
#Wy..#
#††(.#
#....#
#...;#
#....≈
....≈≈#
...≈≈≈≈
#.%≈≈≈≈≈≈


You could see Joseph, a wraith, a hound, a killer bee, an electric eel and an
orc wizard.

Vanquished Creatures
  Grinder (D:3)
  Sigmund (D:3)
  Eustachio (D:6)
  A hippogriff (D:8)
  A water moccasin (D:8)
  An ice beast (D:8)
  2 ogres
  A centaur (D:7)
  2 giant frogs
  3 killer bees (D:9)
  2 crimson imps
  A centaur zombie (D:5)
  A hound (D:7)
  2 orc priests
  A giant frog skeleton (D:7)
  2 jellies
  3 orc wizards
  Jessica (D:3)
  An iguana (D:7)
  Ijyb (D:4)
  A worker ant (D:4)
  A hound zombie (D:7)
  2 worker ant zombies (D:7)
  4 gnolls (D:8)
  2 adders
  An adder zombie (D:8)
  2 giant geckos
  12 orcs
  2 giant cockroaches
  3 goblins
  A hobgoblin (D:3)
  2 jackals (D:2)
  2 kobolds (D:1)
  A quokka (D:5)
  A bat (D:1)
  2 giant newts (D:1)
  7 rats
75 creatures vanquished.

Vanquished Creatures (others)
  A killer bee (D:9)
1 creature vanquished.

Grand Total: 76 creatures vanquished

Notes
Turn   | Place    | Note
--------------------------------------------------------------
     0 | D:1      | 4thArraOfDagon the Draconian Berserker began the quest for the Orb.
     0 | D:1      | Reached XP level 1. HP: 19/19 MP: 1/1
     0 | D:1      | hmmm
     0 | D:1      | drbe?
   131 | D:1      | Reached XP level 2. HP: 26/26 MP: 2/2
   373 | D:3      | Noticed Sigmund
   381 | D:3      | Killed Sigmund
   381 | D:3      | Reached skill level 4 in Fighting
   381 | D:3      | Reached XP level 3. HP: 31/33 MP: 3/3
   381 | D:3      | Reached XP level 4. HP: 37/40 MP: 4/4
   381 | D:3      | Reached XP level 5. HP: 42/46 MP: 5/5
   423 | D:3      | Noticed Grinder
   433 | D:3      | Killed Grinder
   433 | D:3      | Reached skill level 5 in Axes
   433 | D:3      | Reached XP level 6. HP: 48/55 MP: 6/6
   475 | D:3      | Reached ** piety under Trog
   478 | D:3      | Reached skill level 5 in Fighting
   523 | D:3      | Noticed Ijyb
   614 | D:4      | Killed Ijyb
   634 | D:4      | Found a staircase to the Ecumenical Temple.
   646 | Temple   | Entered the Ecumenical Temple
   685 | D:5      | Entered Level 5 of the Dungeon
   729 | D:5      | Found a burning altar of Makhleb.
   735 | D:5      | Reached XP level 7. HP: 61/61 MP: 7/7
   735 | D:5      | Your scales start taking on an icy white colour.
   735 | D:5      | Gained mutation: Your flesh is cold resistant. [White Draconian growth]
   736 | D:5      | Reached skill level 6 in Axes
   754 | D:5      | Found Kuadyimy's Gadget Boutique.
   780 | D:5      | Found Ene Taej's Gadget Shoppe.
   805 | D:3      | Noticed Jessica
   811 | D:3      | Killed Jessica
   874 | D:6      | Noticed Eustachio
   882 | D:6      | Killed Eustachio
   976 | D:7      | Reached skill level 5 in Dodging
   991 | D:7      | Reached skill level 7 in Axes
   997 | D:7      | Reached XP level 8. HP: 67/70 MP: 8/8
  1162 | D:8      | Found Qentulus's Food Shop.
  1320 | D:8      | Found a shattered altar of Ashenzari.
  1390 | D:8      | Found a glowing golden altar of the Shining One.
  1478 | D:8      | Reached skill level 8 in Axes
  1478 | D:8      | Reached skill level 1 in Evocations
  1495 | D:8      | Noticed asdu's ghost (novice GrMo)
  1549 | D:8      | Reached *** piety under Trog
  1666 | D:9      | Noticed Joseph
  1674 | D:9      | HP: 5/109 [Joseph/uncursed quarterstaff (9)]
  1675 | D:9      | Slain by a killer bee

Vault maps used:
D:1:      minmay_arrival_pointy, grunt_decor_mini_mirrors, item_on_display_a
D:2:      lemuel_zombie_altar_kikubaaqudgha, serial_glass, glass_columns_b,
          glass_columns_c, feat_on_display, minmay_strange_pillars,
          item_on_display_a, first_bread
D:3:      uniq_sigmund, uniq_iyjb, uniq_jessica, uniq_grinder
D:4:      temple_fountains, uniq_natasha
D:5:      grunt_temple_overflow_order_and_chaos_2, serial_shops, shop, shop,
          nicolae_shop_stone, shop_statue, nicolae_shop_trees, bloody_makhleb,
          uniq_crazy_yiuf_cottage
D:6:      uniq_eustachio
D:7:      lemuel_blue_sif_altar
D:8:      minitemple, ashenzari_conservatory_becter,
          nicolae_tso_carved_into_rock, serial_shops, kennysheep_little_box
D:9:      statuecave_lemuel, serial_shops, shop, david_nohive_1, uniq_joseph,
          uniq_psyche
Temple:   cyrus_temple_forest_13

Action                   |  1- 3 |  4- 6 |  7- 9 || total
-------------------------+-------+-------+-------++-------
Melee: Hand axe          |    46 |    51 |   138 ||   235
       Unarmed           |       |       |     4 ||     4
Invok: Berserk           |     1 |     4 |     6 ||    11
       Trog's Hand       |       |       |     2 ||     2
 Abil: Breathe Frost     |       |       |     3 ||     3
Evoke: Wand              |       |       |     4 ||     4
  Use: Scroll            |       |     1 |     4 ||     5
       Potion            |       |       |     1 ||     1
  Eat: Chunk             |       |     4 |     7 ||    11
       Fruit             |       |       |     1 ||     1
       Beef jerky        |       |       |     1 ||     1
